 Dungeon Crawl Stone Soup version 0.32-a0-411-g744942f433 (webtiles) character file.

Game seed: 12904157022392133950

63 BubbleThief the Magician (level 3, -3/29 HPs)
             Began as a Demonspawn Hedge Wizard on Feb 20, 2024.
             Slain by a gnoll
             ... wielding a +0 spear
              (7 damage)
             ... on level 4 of the Dungeon.
             The game lasted 00:04:32 (2040 turns).

BubbleThief the Magician (Demonspawn Hedge Wizard)  Turns: 2040, Time: 00:04:32

Health: -3/29      AC:  2    Str: 10    XL:     3   Next: 87%
Magic:  2/7        EV: 12    Int: 14    God:
Gold:   71         SH:  4    Dex: 16    Spells: 7/8 levels left

rFire   . . .        a - +0 dagger
rCold   . . .        (no shield)
rNeg    . . .        b - +0 robe
rPois   .            c - +0 hat
rElec   .            (no cloak)
rCorr   .            (no gloves)
SInv    .            (no boots)
Will    .....        (no amulet)
Stlth   +++          (no ring)
HPRegen 0.24/turn    (no ring)
MPRegen 0.10/turn

%: no passive effects
@: no status effects
A: thin skeletal structure 1, condensation shield
a: no special abilities


You were on level 4 of the Dungeon.
You visited 1 branch of the dungeon, and saw 4 of its levels.

You collected 71 gold pieces.

Inventory:

Hand Weapons
 a - a +0 dagger (weapon)
Missiles
 s - 6 datura-tipped darts
 t - 5 poisoned darts
Armour
 b - a +0 robe (worn)
 c - a +0 hat (worn)
Wands
 u - a wand of roots (12)
Scrolls
 f - 3 scrolls of teleportation {unknown}
 h - a scroll of immolation {unknown}
 i - a scroll of fog {unknown}
 j - 2 scrolls of poison {unknown}
 n - a scroll of enchant armour {unknown}
 o - a scroll of noise {unknown}
 p - 2 scrolls of identify {unknown}
 q - a scroll of amnesia {unknown}
 v - a scroll of blinking {unknown}
Potions
 d - a potion of magic
 e - a potion of attraction {unknown}
 g - a potion of mutation {unknown}
 k - a potion of haste {unknown}
 l - 2 potions of degeneration {unknown}
 m - a potion of heal wounds {unknown}
 r - 2 potions of curing {unknown}


   Skills:
 - Level 3.0 Fighting
 + Level 1.1 Short Blades
 - Level 1.7 Dodging
 + Level 2.1 Stealth
 - Level 3.0 Spellcasting
 - Level 1.0 Conjurations
 - Level 1.0 Summonings
 - Level 0.8 Translocations


You had 7 spell levels left.
You knew the following spells:

 Your Spells              Type           Power      Damage    Failure   Level
a - Magic Dart            Conj           16%        1d3       14%         1

Your spell library contained the following spells:

 Spells                   Type           Power      Damage    Failure   Level
 Slow                     Hex            8%         N/A       22%         1
 Blink                    Tloc           8%         N/A       22%         2
 Call Imp                 Summ           8%         N/A       22%         2
 Cigotuvi's Dreadful Rot  Necr/Alch/Air  4%         N/A       32%         2
 Mephitic Cloud           Conj/Alch/Air  3%         N/A       50%         3


Dungeon Overview and Level Annotations

Branches:
Dungeon (4/15)
 Temple: D:4-7

Altars:
Ru

Annotations:
D:2 Terence


Innate Abilities, Weirdness & Mutations

You have a somewhat thin skeletal structure. (Dex +2, Stealth+)
A meltable shield of frost defends you. (SH +4)


Message History

Aiming: Magic Dart (safe; 14% risk of failure)
Press: ? - help, Q - select action, (/) - cycle Shift-Dir - straight line, f/p - gnoll
Aim: a gnoll, wielding a +0 spear (lightly wounded, 100% to hit)
The magic dart hits the gnoll.
The gnoll is moderately wounded.
The gnoll hits you from afar with a +0 spear.
A gnoll comes into view.
It is wielding a +0 club and quivering a throwing net.
A gnoll comes into view. It is wielding a +0 whip.
The gnoll attacks as it pursues you! The gnoll barely misses you.
The gnoll attacks as it pursues you!
The gnoll hits you from afar with a +0 spear.
The gnoll attacks as it pursues you!
The gnoll hits you from afar with a +0 spear.
Your magical contamination has completely faded away.
Things that are here:
a +0 club; a goblin skeleton The gnoll attacks as it pursues you!
The gnoll hits you from afar with a +0 spear.
The gnoll attacks as it pursues you!
The gnoll hits you from afar with a +0 spear.
Aiming: Fastroot
Press: ? - help, Shift-Dir - straight line, f/p - gnoll
Aim: a gnoll, wielding a +0 spear (moderately wounded)
The roots erupt in riotous growth!
Roots grab the gnoll.
The grasping roots constrict the gnoll.
The gnoll hits you from afar with a +0 spear.
* * * LOW HITPOINT WARNING * * *
The grasping roots constrict the gnoll.
The roots release their grip on the gnoll.
The gnoll attacks as it pursues you!
The gnoll hits you from afar with a +0 spear.
* * * LOW HITPOINT WARNING * * *
Aiming: Magic Dart (safe; 14% risk of failure)
Press: ? - help, Q - select action, (/) - cycle Shift-Dir - straight line, f/p - gnoll
Aim: a gnoll, wielding a +0 spear (severely wounded, 100% to hit)
The magic dart hits the gnoll.
The gnoll is severely wounded.
The gnoll hits you from afar with a +0 spear!
You die...

#....# #.#.##.#.#.#........
###.## #.#......#.#..#.##.. #...#
#.####...#......##.. #...#
#.####...###..#.##.. #...#
#......)...÷..#.##.# #...#
#######.####.......#
####...###### #................
............#####.##.##.....###.#
..............g.@...........# #†#
......).....#####.#.###.....# #.#
.###...###### #.#.###.....# #.#
.# #...# #.......##### #.# .#
#)..# ###.##### #.# ## #...# #.#
####### #.# #...# #.# #.....# #.)
#####.## #.# #.###.##### .......#
#.###.# #....#


You could see a gnoll.

Vanquished Creatures
  An adder (D:2)
  A dart slug (D:4)
  2 orcs (D:4)
  5 bats
  A giant cockroach (D:1)
  2 goblins
  4 hobgoblins
  A quokka (D:1)
  6 ball pythons
  3 kobolds
  3 rats (D:1)
29 creatures vanquished.

Notes
Turn   | Place    | Note
-------+----------+-------------------------------------------
     0 | D:1      | BubbleThief the Demonspawn Hedge Wizard began the quest for
                  | the Orb.
     0 | D:1      | Reached XP level 1. HP: 13/13 MP: 4/4
    77 | D:1      | Reached skill level 1 in Fighting
   192 | D:1      | Gained mutation: You have a somewhat thin skeletal
                  | structure. (Dex +2, Stealth+) [demonic ancestry]
   192 | D:1      | Reached XP level 2. HP: 22/22 MP: 1/6
   734 | D:2      | Gained mutation: A meltable shield of frost defends you.
                  | (SH +4) [demonic ancestry]
   734 | D:2      | Reached XP level 3. HP: 10/28 MP: 0/7
   737 | D:1      | HP: 1/28 [poisoned by an adder]
   978 | D:2      | Noticed Terence
  1256 | D:3      | Found a sacrificial altar of Ru.
  1334 | D:3      | Noticed a scorpion
  1482 | D:4      | Reached skill level 1 in Short Blades
  2040 | D:4      | Slain by a gnoll

Illustrated notes

Levels and vault maps discovered:
D:1:      saegor_arrival_simple_e, layout_rooms, nrook_uturn
D:2:      minmay_spotlight, layout_basic, chequers_serial_rivers_room_b,
          lemuel_flame_loot_1, uniq_jessica, uniq_terence
D:3:      layout_loops_corners, pf_just_have_faith,
          nicolae_overflow_ecumenical_swirl,
          shapermc_ecumenical_altar_mp_highgroup,
          gammafunk_ghost_abyssal_escape, minmay_guardbox,
          uniq_crazy_yiuf_cottage
D:4:      old_forge, layout_loops_cross, minmay_temple_entry_slanted

Skill      XL: |  1  2  3 |
---------------+----------+-----
Fighting       | 1 2 3 |  3.0
Short Blades   | 1 |  1.1
Stealth        | 2 |  2.1
Dodging        | |  1.7
Spellcasting   | |  3.0
Conjurations   | |  1.0
Summonings     | |  1.0
Translocations | |  0.8

Action                     || total
---------------------------++-------
  Melee: Dagger            ||    67
   Cast: Magic Dart        ||    62
  Evoke: Wand              ||     1
   Stab: Sleeping          ||     4
 Armour: Robe              ||    51
  Dodge: Dodged            ||    66
  Block: Other             ||     3

Table legend: (Time is in decaauts)
 A = Elapsed time spent in this place.
 B = Non-inter-level travel time spent in this place.
 C = Inter-level travel time spent in this place.
 D = Time resting spent in this place.
 E = Time spent auto-exploring this place.
 F = Levels seen in this place.
 G = Mean time per level.
                   A        B        C        D        E       F      G
               +--------+--------+--------+--------+--------+-----+--------+
         Total |   2039 |   1891 |    148 |      0 |   1444 |   4 |  509.8 |
       Dungeon |   2039 |   1891 |    148 |      0 |   1444 |   4 |  509.8 |
               +--------+--------+--------+--------+--------+-----+--------+

Top non-repeatable levels by time:
     D:1: 912 daAuts
     D:4: 698 daAuts
     D:2: 307 daAuts
     D:3: 120 daAuts
